 Dungeon Crawl Stone Soup version 0.31-a0-219-g8d62b2e7bb (webtiles) character file.

Game seed: 11276902957010621539

81479 qw the Severer (level 15, -25/96 HPs)
             Began as a Gargoyle Fighter on July 3, 2023.
             Was a High Priest of Okawaru.
             Killed from afar by a will-o-the-wisp (34 damage)
             ... with a foxfire
             ... on level 3 of the Abyss.
             The game lasted 00:13:23 (21584 turns).

qw the Severer (Gargoyle Fighter)                  Turns: 21584, Time: 00:13:24

Health: -25/96     AC: 42    Str: 29    XL:     15   Next: 70%
Magic:  21/22      EV: 10    Int: 10    God:    Okawaru [*****.]
Gold:   304        SH: 13    Dex:  9    Spells: 14/14 levels left

rFire   . . .        Y - +0 war axe (flame)
rCold   + . .        C - +0 kite shield
rNeg    + . .        p - +0 plate armour
rPois   inf          w - +0 helmet
rElec   +            D - +0 cloak
rCorr   .            h - +0 pair of gloves
SInv    +            e - +2 pair of boots of Defence {rF- rC+ Str+3 SInv}
Will    +....        o - amulet of faith Stlth
                     u - +4 ring of protection
HPRegen 0.36/turn    q - ring of protection from fire
MPRegen 0.18/turn

%: faith
@: about to teleport, heroic, flying
A: sickness immunity, AC +11, big wings, negative energy resistance 1,
electricity resistance, torment resistance 1, petrification resistance
a: Renounce Religion, Heroism, Finesse, Duel


You were on level 3 of the Abyss.
You worshipped Okawaru.
Okawaru was extremely pleased with you.
You visited 3 branches of the dungeon, and saw 20 of its levels.
You visited the Abyss 2 times.

You collected 1433 gold pieces.
You spent 1129 gold pieces at shops.


Innate Abilities, Weirdness & Mutations

You are immune to sickness and miasma.
Your stone body is resilient. (AC +11)
You are immune to poison.
Your large and strong wings let you fly.
You resist negative energy. (rN+)
You are resistant to electric shocks. (rElec)
You are resistant to unholy torment.
You are immune to petrification.


   Skills:
 - Level 12.0(17.0) Fighting
 - Level 16.0(21.0) Axes
 - Level 6.0(11.0) Throwing
 - Level 12.0(17.0) Armour
 - Level 3.0(8.0) Dodging
 + Level 12.2(17.2) Shields
 - Level 10.0 Invocations


You had 14 spell levels left.
You didn't know any spells.
Your spell library was empty.

Inventory:

Hand Weapons
 y - a +2 broad axe
 Y - a +0 war axe of flaming (weapon)
Missiles
 k - a javelin (quivered)
 s - 5 boomerangs
 x - 4 silver javelins
Armour
 b - a +0 pair of boots
 c - a +3 plate armour of poison resistance
 e - the +2 pair of boots of Defence (worn) {rF- rC+ Str+3 SInv}
   (You acquired it on level 1 of the Dungeon)

   Str:       It affects your strength (+3).
   rF:        It makes you vulnerable to fire.
   rC:        It protects you from cold.
   SInv:      It lets you see invisible.
 h - a +0 pair of gloves (worn)
 n - +0 acid dragon scales
 p - a +0 plate armour (worn)
 w - a +0 helmet (worn)
 C - a +0 kite shield (worn)
 D - a +0 cloak (worn)
Jewellery
 l - a ring of resist corrosion
 o - an amulet of faith (around neck)
 q - a ring of protection from fire (right hand)
 r - a ring of see invisible
 u - a +4 ring of protection (left hand)
 E - a ring of protection from cold
 F - an amulet of reflection
Wands
 f - a wand of digging (4)
Scrolls
 a - 3 scrolls of teleportation
 g - 12 scrolls of identify
Potions
 d - 3 potions of might
 i - 5 potions of magic
 j - 10 potions of curing
 m - 4 potions of lignification
 t - 3 potions of haste
 v - a potion of resistance
 z - 2 potions of enlightenment
 A - a potion of attraction
 B - 3 potions of mutation

Dungeon Overview and Level Annotations

Branches:
Dungeon (14/15)            Temple (1/1) D:5            Lair (5/5) D:10
 Shoals (0/4) Lair:2        Snake (0/4) Lair:3        Slime (0/5) Lair:5
    Orc (0/2) D:9          Vaults (0/5) D:13

Altars:
Ashenzari
Dithmenos
Elyvilon
Gozag
Hepliaklqana
Kikubaaqudgha
Makhleb
Nemelex Xobeh
Okawaru
Qazlal
Ru
Sif Muna
Trog
Uskayaw
Vehumet
Wu Jian
Xom
Yredelemnul
Zin
The Shining One
Jiyva

Shops:
D:14 (?=[(

Portals:
Trove: D:14 (give 7 potions of haste)

Annotations:
D:3 1 runed translucent door, Crazy Yiuf
D:4 3 runed translucent doors, qw's ghost, amateur GrFi
D:8 2 runed translucent doors
Lair:5 exclusion: 4 oklob plants


Message History

The tentacled starspawn tentacle-slaps you but does no damage.
The neqoxec gestures at you.
Something tries to feed on your intellect!
The raiju bites you. The raiju shocks you. You resist.
The will-o-the-wisp gestures.
The will-o-the-wisp conjures some foxfire! 2 foxfires come into view.
You closely miss the neqoxec.
The neqoxec is heavily wounded.
You completely miss the raiju.
You hit the bone dragon but do no damage.
You completely miss the tentacled starspawn.
You hit the starspawn tentacle. You burn the starspawn tentacle.
The starspawn tentacle grabs you. The starspawn tentacle constricts you.
You block the bone dragon's attack. x2
The bone dragon tramples you but does no damage.
You hit the starspawn tentacle. You burn the starspawn tentacle.
The starspawn tentacle is heavily damaged.
You closely miss the neqoxec. You hit the bone dragon.
You slash the tentacled starspawn! You burn the tentacled starspawn.
The starspawn tentacle loses its grip on you.
You closely miss the raiju.
A tentacle flies out from the starspawn's body!
The raiju barely misses you. You block the neqoxec's attack.
The starspawn tentacle grabs you. The starspawn tentacle constricts you.
The bone dragon bites you!
The bone dragon claws you but does no damage.
The bone dragon tramples you but does no damage.
A starspawn tentacle comes into view.
You slice the starspawn tentacle!! You burn the starspawn tentacle.
You destroy the starspawn tentacle!
You slash the raiju! You burn the raiju. You hit the neqoxec.
You burn the neqoxec.
You hit the bone dragon but do no damage.
You slice the tentacled starspawn!! You burn the tentacled starspawn!
You destroy the tentacled starspawn!
Okawaru accepts your kill.
The starspawn's tentacles wither and die.
The foxfire hits you!!
You die...

. # ### . ..
.. .## #.. ##
.##.. #..#.
##...#
#v.##.#..#
#......# ##
#.#hD.# ##.
##.@vv# . ###.
#.#3.v¤¤# ...
.
#......#¤...#
# .
.#..###.###..#
.. .#.#. . .#
.. #.#.#.#.#.
.#.. . ....
... .# .#
#.#.#.#. ## ..
# .. ..#..


You could see a bone dragon, a will-o-the-wisp, a raiju and a neqoxec.

Vanquished Creatures
  A tentacled starspawn (Abyss:3)
  Kirke (D:14)
  Nessos (D:12)
  Azrael (D:12)
  Snorg (D:14)
  4 centaur warriors
  2 vault guards
  5 hydras
  5 catoblepae
  Erolcha (D:10)
  2 boulder beetles
  Erica (D:8)
  3 two-headed ogres
  28 death yaks
  2 thrashing horrors (Abyss:3)
  2 skysharks
  A fire crab (Lair:2)
  2 wizards (D:13)
  2 necromancers (D:13)
  Pikel (D:5)
  9 ugly things
  An oklob plant (Lair:5)
  A deep elf pyromancer (D:13)
  2 cyclopes
  3 manticores
  Maurice (D:12)
  2 black mambas (Lair:4)
  A titan simulacrum (Abyss:3)
  2 gargoyles
  9 cane toads
  2 rime drakes
  2 unseen horrors
  12 komodo dragons
  2 yaktaurs (D:13)
  2 tengu conjurers (D:14)
  2 hornets
  6 trolls
  3 polar bears
  Prince Ribbit (Lair:3)
  5 dream sheep (Lair:4)
  A snapping turtle (Lair:2)
  18 blink frogs
  Sigmund (D:6)
  3 shadows (D:11)
  40 yaks
  A wraith (D:11)
  3 large abominations (Abyss:3)
  3 wyverns
  4 vampires
  2 fire elementals (D:12)
  18 humans (D:13)
  4 steam dragons
  3 fire bats (Lair:1)
  A basilisk (D:11)
  4 vampire mosquitoes (D:14)
  A neqoxec (Abyss:3)
  6 hogs (D:14)
  Menkaure (D:6)
  Edmund (D:5)
  2 acid dragons
  2 hell hounds (D:12)
  13 water moccasins
  4 nagas (Lair:3)
  A sky beast (D:7)
  7 ice beasts
  2 orc warriors (D:8)
  5 black bears
  8 centaurs
  An ogre (D:4)
  A wolf (D:10)
  3 phantoms
  4 kobold brigands
  11 bullfrogs
  A gnoll sergeant (D:12)
  2 scorpions
  5 wights (D:9)
  13 killer bees
  2 howler monkeys
  4 jellies
  A gnoll bouda (D:8)
  15 orc priests
  6 iguanas
  2 sleepcaps
  4 orc wizards
  13 gnolls
  6 adders
  2 shadow imps
  A white imp (D:6)
  3 worms
  A dart slug (D:4)
  70 orcs
  7 endoplasms
  5 giant cockroaches
  16 goblins
  4 hobgoblins
  3 jackals (D:3)
  31 kobolds
  5 quokkas
  11 ball pythons
  6 bats
  8 frilled lizards
  6 rats
  3 butterflies (D:6)
  2 starspawn tentacles (Abyss:3)
571 creatures vanquished.

Vanquished Creatures (others)
  2 starspawn tentacles (Abyss:3)
2 creatures vanquished.

Grand Total: 573 creatures vanquished

Notes
Turn   | Place    | Note
-------+----------+-------------------------------------------
     0 | D:1      | qw the Gargoyle Fighter began the quest for the Orb.
     0 | D:1      | Reached XP level 1. HP: 14/14 MP: 1/1
     0 | D:1      | 0 ||| qw: Version: 0.3-a-40-ge99b1a8
     0 | D:1      | 0 ||| qw: Game counter: 433
     0 | D:1      | 0 ||| qw: Melee chars always use a shield: true
     0 | D:1      | 0 ||| qw: God list: Okawaru
     0 | D:1      | 0 ||| qw: Allow faded altars: false
     0 | D:1      | 0 ||| qw: Do Orc after clearing Dungeon:15 true
     0 | D:1      | 0 ||| qw: Do second Lair branch before Depths: true
     0 | D:1      | 0 ||| qw: Lair rune preference: random
     0 | D:1      | 0 ||| qw: Goals: Normal, Zot:1-4, Slime:5, God:TSO, Crypt,
                  | Tomb, Abyss, Pan, Hells, Win
     0 | D:1      | 0 ||| PLANNING D:1-11
    20 | D:1      | 20 ||| Stepping ~*~*~tactically~*~*~ (stealth).
    21 | D:1      | 21 ||| Stepping ~*~*~tactically~*~*~ (stealth).
    22 | D:1      | 22 ||| Stepping ~*~*~tactically~*~*~ (stealth).
    30 | D:1      | Reached skill level 2 in Axes
    40 | D:1      | 40 ||| Stepping ~*~*~tactically~*~*~ (stealth).
    77 | D:1      | 77 ||| Stepping ~*~*~tactically~*~*~ (stealth).
   116 | D:1      | 116 ||| Stepping ~*~*~tactically~*~*~ (stealth).
   154 | D:1      | Reached XP level 2. HP: 19/19 MP: 2/2
   182 | D:1      | HP: 4/19 [frozen (5)]
   304 | D:1      | 304 ||| Stepping ~*~*~tactically~*~*~ (stealth).
   305 | D:1      | 305 ||| Stepping ~*~*~tactically~*~*~ (stealth).
   365 | D:1      | Found a faded altar of an unknown god.
   442 | D:1      | Reached skill level 3 in Axes
   449 | D:1      | Reached XP level 3. HP: 17/23 MP: 3/3
   475 | D:1      | 475 ||| DROPPING +0 club.
  1046 | D:1      | 1046 ||| READING 2 scrolls labelled ZYUDWO ZONEE.
  1049 | D:1      | 1049 ||| READING scroll labelled PEULAXIEGE.
  1050 | D:1      | 1050 ||| READING 3 scrolls labelled DATI USIRHUOKKI.
  1051 | D:1      | 1051 ||| READING scroll labelled EWELIN TICK.
  1051 | D:1      | Identified a scroll of acquirement
  1051 | D:1      | 1051 ||| ACQUIRING +2 pair of boots of Defence {rF- rC+
                  | Str+3 SInv}
  1051 | D:1      | Acquired the +2 pair of boots of Defence {rF- rC+ Str+3
                  | SInv}
  1053 | D:1      | 1053 ||| UPGRADING to +2 pair of boots of Defence {rF- rC+
                  | Str+3 SInv}.
  1058 | D:1      | 1058 ||| READING 2 scrolls of identify.
  1058 | D:1      | 1058 ||| IDENTIFYING sapphire potion
  1521 | D:2      | 1521 ||| Stepping ~*~*~tactically~*~*~ (stealth).
  1880 | D:2      | 1880 ||| READING scroll labelled ERRYK HEIR.
  1881 | D:2      | 1881 ||| READING scroll labelled SIDUIP GACAEV.
  1882 | D:2      | 1882 ||| READING 2 scrolls of identify.
  1882 | D:2      | 1882 ||| IDENTIFYING pink potion
  1909 | D:3      | Reached XP level 4. HP: 28/28 MP: 4/4
  1921 | D:3      | 1921 ||| STAIRDANCE
  2050 | D:3      | 2050 ||| DROPPING +0 mace.
  2070 | D:3      | Reached skill level 4 in Axes
  2233 | D:3      | Found a runed translucent door.
  2234 | D:3      | Noticed Crazy Yiuf
  2334 | D:3      | 2334 ||| Stepping ~*~*~tactically~*~*~ (stealth).
  2381 | D:3      | Found a faded altar of an unknown god.
  2385 | D:3      | Found an opulent altar of Gozag.
  2449 | D:3      | 2449 ||| READING 2 scrolls labelled ILIVIY HAEZIFI.
  2450 | D:3      | 2450 ||| READING scroll labelled HIVAUPT MAREL.
  2451 | D:3      | 2451 ||| DROPPING scroll of fear.
  2543 | D:4      | Reached XP level 5. HP: 11/32 MP: 5/5
  2714 | D:4      | Found a basalt altar of Yredelemnul.
  2723 | D:4      | Identified the +7 trident of Uncomfortable Rashes {pain,
                  | Fragile rElec rCorr Stlth-}
  2764 | D:4      | Reached skill level 5 in Axes
  2839 | D:4      | 2839 ||| DROPPING +1 mace of protection.
  2980 | D:4      | Noticed a phantom
  2987 | D:4      | Reached skill level 1 in Dodging
  2987 | D:4      | Killed a phantom
  2988 | D:4      | Reached XP level 6. HP: 38/38 MP: 6/6
  3172 | D:4      | 3172 ||| Stepping ~*~*~tactically~*~*~ (stealth).
  3223 | D:4      | 3223 ||| Stepping ~*~*~tactically~*~*~ (hiding).
  3254 | D:4      | 3254 ||| UPGRADING to +0 pair of gloves.
  3259 | D:4      | 3259 ||| UPGRADING to +0 chain mail.
  3269 | D:4      | 3269 ||| DROPPING +0 scale mail.
  3270 | D:4      | 3270 ||| UPGRADING to ring of resist corrosion.
  3271 | D:4      | 3271 ||| READING scroll labelled WOITOD PE VEIRGH.
  3272 | D:4      | 3272 ||| READING scroll labelled ACZOEL NOUX.
  3301 | D:4      | 3301 ||| DRINKING 3 ruby potions.
  3360 | D:4      | 3360 ||| STAIRDANCE
  3373 | D:4      | 3373 ||| STAIRDANCE
  3528 | D:4      | Found a white marble altar of Elyvilon.
  3614 | D:4      | Found a runed translucent gate.
  3615 | D:4      | Found a runed translucent gate.
  3615 | D:4      | Noticed qw's ghost (amateur GrFi)
  3616 | D:4      | Found a runed translucent gate.
  3625 | D:4      | 3625 ||| DRINKING 2 murky black potions.
  3648 | D:5      | Entered Level 5 of the Dungeon
  3663 | D:5      | Reached skill level 6 in Axes
  3663 | D:5      | Reached XP level 7. HP: 38/43 MP: 7/7
  3706 | D:5      | You fall into a shaft and drop 1 floor!
  3825 | D:6      | 3825 ||| Stepping ~*~*~tactically~*~*~ (stealth).
  3860 | D:6      | 3860 ||| READING 2 scrolls of identify.
  3860 | D:6      | 3860 ||| IDENTIFYING bubbling coppery potion
  3861 | D:6      | 3861 ||| DROPPING potion of brilliance.
  3868 | D:5      | 3868 ||| FLEEEEING.
  3869 | D:5      | 3869 ||| FLEEEEING.
  3870 | D:5      | 3870 ||| FLEEEEING.
  3871 | D:5      | 3871 ||| FLEEEEING.
  3872 | D:5      | 3872 ||| FLEEEEING.
  3873 | D:5      | Noticed a steam dragon
  3874 | D:5      | 3874 ||| STAIRDANCE
  3904 | D:5      | 3904 ||| Stepping ~*~*~tactically~*~*~ (cloud).
  3909 | D:5      | Killed a steam dragon
  3910 | D:5      | Reached skill level 7 in Axes
  4013 | D:5      | 4013 ||| Stepping ~*~*~tactically~*~*~ (stealth).
  4015 | D:5      | Noticed Pikel
  4027 | D:5      | Killed Pikel
  4028 | D:5      | Reached XP level 8. HP: 28/48 MP: 8/8
  4047 | D:5      | 4047 ||| FLEEEEING.
  4048 | D:5      | 4048 ||| FLEEEEING.
  4049 | D:5      | 4049 ||| FLEEEEING.
  4185 | D:5      | 4185 ||| STAIRDANCE
  4190 | D:4      | Found a hazy altar of Hepliaklqana.
  4444 | D:5      | Noticed Edmund
  4445 | D:5      | 4445 ||| Stepping ~*~*~tactically~*~*~ (stealth).
  4465 | D:5      | Killed Edmund
  4466 | D:5      | Reached skill level 8 in Axes
  4466 | D:5      | 4466 ||| FLEEEEING.
  4467 | D:5      | 4467 ||| FLEEEEING.
  4468 | D:5      | 4468 ||| FLEEEEING.
  4469 | D:5      | 4469 ||| FLEEEEING.
  4470 | D:5      | 4470 ||| FLEEEEING.
  4471 | D:5      | 4471 ||| FLEEEEING.
  4472 | D:5      | 4472 ||| FLEEEEING.
  4473 | D:5      | 4473 ||| FLEEEEING.
  4474 | D:5      | 4474 ||| FLEEEEING.
  4475 | D:5      | 4475 ||| FLEEEEING.
  4476 | D:5      | 4476 ||| FLEEEEING.
  4484 | D:5      | 4484 ||| STAIRDANCE
  4603 | D:4      | 4603 ||| DROPPING scarf of invisibility.
  4680 | D:5      | 4680 ||| DROPPING +0 flail.
  4681 | D:5      | 4681 ||| Stepping ~*~*~tactically~*~*~ (stealth).
  4686 | D:5      | 4686 ||| Stepping ~*~*~tactically~*~*~ (stealth).
  4687 | D:5      | 4687 ||| Stepping ~*~*~tactically~*~*~ (stealth).
  4845 | D:5      | Found a staircase to the Ecumenical Temple.
  4846 | D:5      | 4846 ||| PLANNING TEMPLE
  4851 | Temple   | Entered the Ecumenical Temple
  4856 | Temple   | 4856 ||| PLANNING OKAWARU WORSHIP
  4899 | Temple   | Became a worshipper of Warmaster Okawaru
  4900 | Temple   | 4900 ||| PLANNING D:1-11
  5030 | D:6      | 5030 ||| Stepping ~*~*~tactically~*~*~ (water).
  5041 | D:6      | Reached XP level 9. HP: 55/55 MP: 9/9
  5071 | D:6      | Reached skill level 6 in Fighting
  5152 | D:6      | Noticed Sigmund
  5166 | D:6      | Killed Sigmund
  5232 | D:6      | Noticed Menkaure
  5233 | D:6      | 5233 ||| Stepping ~*~*~tactically~*~*~ (hiding).
  5234 | D:6      | 5234 ||| Stepping ~*~*~tactically~*~*~ (hiding).
  5246 | D:6      | Killed Menkaure
  5247 | D:6      | Reached skill level 9 in Axes
  5248 | D:6      | 5248 ||| FLEEEEING.
  5249 | D:6      | 5249 ||| FLEEEEING.
  5250 | D:6      | 5250 ||| FLEEEEING.
  5251 | D:6      | 5251 ||| FLEEEEING.
  5253 | D:6      | 5253 ||| FLEEEEING.
  5254 | D:6      | 5254 ||| FLEEEEING.
  5255 | D:6      | 5255 ||| FLEEEEING.
  5256 | D:6      | 5256 ||| FLEEEEING.
  5257 | D:6      | 5257 ||| FLEEEEING.
  5258 | D:6      | 5258 ||| FLEEEEING.
  5259 | D:6      | 5259 ||| FLEEEEING.
  5260 | D:6      | 5260 ||| FLEEEEING.
  5261 | D:6      | 5261 ||| FLEEEEING.
  5262 | D:6      | 5262 ||| FLEEEEING.
  5263 | D:6      | 5263 ||| FLEEEEING.
  5264 | D:6      | 5264 ||| FLEEEEING.
  5265 | D:6      | 5265 ||| FLEEEEING.
  5266 | D:6      | 5266 ||| FLEEEEING.
  5268 | D:6      | 5268 ||| FLEEEEING.
  5269 | D:6      | 5269 ||| FLEEEEING.
  5270 | D:6      | 5270 ||| FLEEEEING.
  5271 | D:6      | 5271 ||| FLEEEEING.
  5272 | D:6      | 5272 ||| FLEEEEING.
  5273 | D:6      | 5273 ||| FLEEEEING.
  5274 | D:6      | 5274 ||| FLEEEEING.
  5275 | D:6      | 5275 ||| FLEEEEING.
  5276 | D:6      | 5276 ||| FLEEEEING.
  5277 | D:6      | 5277 ||| FLEEEEING.
  5278 | D:6      | 5278 ||| FLEEEEING.
  5280 | D:6      | 5280 ||| FLEEEEING.
  5281 | D:6      | 5281 ||| FLEEEEING.
  5282 | D:6      | 5282 ||| FLEEEEING.
  5283 | D:6      | 5283 ||| FLEEEEING.
  5284 | D:6      | 5284 ||| FLEEEEING.
  5285 | D:6      | 5285 ||| FLEEEEING.
  5286 | D:6      | 5286 ||| FLEEEEING.
  5287 | D:6      | 5287 ||| FLEEEEING.
  5288 | D:6      | 5288 ||| FLEEEEING.
  5289 | D:6      | 5289 ||| FLEEEEING.
  5290 | D:6      | 5290 ||| STAIRDANCE
  5419 | D:6      | Reached * piety under Okawaru
  5443 | D:6      | 5443 ||| INVOKING Heroism.
  5520 | D:6      | Reached skill level 1 in Invocations
  5594 | D:6      | Identified the +3 dagger of Fatigue {drain, Str+3 SInv}
  5651 | D:6      | 5651 ||| INVOKING Heroism.
  5889 | D:6      | 5889 ||| UPGRADING to +0 plate armour.
  5899 | D:6      | 5899 ||| DROPPING +0 chain mail.
  5900 | D:6      | 5900 ||| READING scroll labelled PUONOTS SO SER.
  5955 | D:7      | 5955 ||| Stepping ~*~*~tactically~*~*~ (stealth).
  5956 | D:7      | 5956 ||| Stepping ~*~*~tactically~*~*~ (stealth).
  5986 | D:7      | 5986 ||| Stepping ~*~*~tactically~*~*~ (stealth).
  5987 | D:7      | Found a broken altar of Ashenzari.
  6006 | D:7      | Noticed a hornet
  6020 | D:7      | 6020 ||| INVOKING Heroism.
  6025 | D:7      | Killed a hornet
  6026 | D:7      | Reached skill level 3 in Invocations
  6284 | D:7      | 6284 ||| Stepping ~*~*~tactically~*~*~ (stealth).
  6286 | D:7      | 6286 ||| Stepping ~*~*~tactically~*~*~ (stealth).
  6290 | D:7      | 6290 ||| Stepping ~*~*~tactically~*~*~ (stealth).
  6292 | D:7      | 6292 ||| Stepping ~*~*~tactically~*~*~ (hiding).
  6296 | D:7      | 6296 ||| INVOKING Heroism.
  6397 | D:7      | 6397 ||| INVOKING Heroism.
  6403 | D:7      | Reached XP level 10. HP: 47/61 MP: 10/13
  6409 | D:7      | 6409 ||| INVOKING Heroism.
  6414 | D:7      | Reached skill level 6 in Armour
  6418 | D:7      | 6418 ||| FLEEEEING.
  6419 | D:7      | 6419 ||| FLEEEEING.
  6420 | D:7      | 6420 ||| FLEEEEING.
  6421 | D:7      | 6421 ||| FLEEEEING.
  6422 | D:7      | 6422 ||| FLEEEEING.
  6423 | D:7      | 6423 ||| FLEEEEING.
  6424 | D:7      | 6424 ||| FLEEEEING.
  6425 | D:7      | 6425 ||| FLEEEEING.
  6426 | D:7      | 6426 ||| FLEEEEING.
  6427 | D:7      | 6427 ||| FLEEEEING.
  6428 | D:7      | 6428 ||| FLEEEEING.
  6429 | D:7      | 6429 ||| FLEEEEING.
  6430 | D:7      | 6430 ||| FLEEEEING.
  6431 | D:7      | 6431 ||| FLEEEEING.
  6432 | D:7      | 6432 ||| FLEEEEING.
  6433 | D:7      | 6433 ||| FLEEEEING.
  6434 | D:7      | 6434 ||| FLEEEEING.
  6435 | D:7      | 6435 ||| FLEEEEING.
  6436 | D:7      | 6436 ||| FLEEEEING.
  6437 | D:7      | 6437 ||| FLEEEEING.
  6438 | D:7      | 6438 ||| FLEEEEING.
  6439 | D:7      | 6439 ||| FLEEEEING.
  6440 | D:7      | 6440 ||| FLEEEEING.
  6441 | D:7      | 6441 ||| FLEEEEING.
  6442 | D:7      | 6442 ||| FLEEEEING.
  6443 | D:7      | 6443 ||| FLEEEEING.
  6444 | D:7      | 6444 ||| FLEEEEING.
  6445 | D:7      | 6445 ||| FLEEEEING.
  6446 | D:7      | 6446 ||| FLEEEEING.
  6447 | D:7      | 6447 ||| FLEEEEING.
  6448 | D:7      | 6448 ||| FLEEEEING.
  6449 | D:7      | 6449 ||| FLEEEEING.
  6450 | D:7      | 6450 ||| FLEEEEING.
  6451 | D:7      | 6451 ||| FLEEEEING.
  6452 | D:7      | 6452 ||| FLEEEEING.
  6453 | D:7      | 6453 ||| FLEEEEING.
  6456 | D:7      | 6456 ||| FLEEEEING.
  6457 | D:7      | 6457 ||| FLEEEEING.
  6458 | D:7      | 6458 ||| FLEEEEING.
  6459 | D:7      | 6459 ||| FLEEEEING.
  6460 | D:7      | 6460 ||| FLEEEEING.
  6461 | D:7      | 6461 ||| FLEEEEING.
  6462 | D:7      | 6462 ||| FLEEEEING.
  6463 | D:7      | 6463 ||| FLEEEEING.
  6464 | D:7      | 6464 ||| FLEEEEING.
  6465 | D:7      | 6465 ||| STAIRDANCE
  6549 | D:6      | 6549 ||| UPGRADING to amulet of faith.
  7102 | D:7      | 7102 ||| UPGRADING to ring of protection from fire.
  7115 | D:8      | 7115 ||| INVOKING Heroism.
  7195 | D:8      | Found a radiant altar of Vehumet.
  7271 | D:8      | Found a large runed translucent door.
  7272 | D:8      | Found a large runed translucent door.
  7305 | D:8      | 7305 ||| INVOKING Heroism.
  7509 | D:8      | Found a hide-covered altar of Uskayaw.
  7513 | D:8      | 7513 ||| Stepping ~*~*~tactically~*~*~ (stealth).
  7514 | D:8      | 7514 ||| Stepping ~*~*~tactically~*~*~ (stealth).
  7518 | D:8      | Noticed Erica
  7519 | D:8      | 7519 ||| INVOKING Heroism.
  7549 | D:8      | 7549 ||| INVOKING Heroism.
  7550 | D:8      | Killed Erica
  7550 | D:8      | Reached ** piety under Okawaru
  7551 | D:8      | Reached skill level 10 in Axes
  7562 | D:8      | 7562 ||| FLEEEEING.
  7563 | D:8      | 7563 ||| FLEEEEING.
  7564 | D:8      | 7564 ||| FLEEEEING.
  7565 | D:8      | 7565 ||| FLEEEEING.
  7566 | D:8      | 7566 ||| FLEEEEING.
  7567 | D:8      | 7567 ||| FLEEEEING.
  7568 | D:8      | 7568 ||| FLEEEEING.
  7569 | D:8      | 7569 ||| FLEEEEING.
  7570 | D:8      | 7570 ||| FLEEEEING.
  7571 | D:8      | 7571 ||| FLEEEEING.
  7572 | D:8      | 7572 ||| FLEEEEING.
  7573 | D:8      | 7573 ||| FLEEEEING.
  7574 | D:8      | 7574 ||| FLEEEEING.
  7575 | D:8      | 7575 ||| FLEEEEING.
  7576 | D:8      | 7576 ||| FLEEEEING.
  7577 | D:8      | 7577 ||| FLEEEEING.
  7578 | D:8      | 7578 ||| FLEEEEING.
  7579 | D:8      | 7579 ||| FLEEEEING.
  7580 | D:8      | 7580 ||| FLEEEEING.
  7581 | D:8      | 7581 ||| FLEEEEING.
  7582 | D:8      | 7582 ||| FLEEEEING.
  7583 | D:8      | 7583 ||| FLEEEEING.
  7584 | D:8      | 7584 ||| FLEEEEING.
  7585 | D:8      | 7585 ||| STAIRDANCE
  7713 | D:7      | 7713 ||| READING 11 scrolls of identify.
  7713 | D:7      | 7713 ||| IDENTIFYING inky potion
  7831 | D:8      | 7831 ||| FLEEEEING.
  7832 | D:8      | 7832 ||| Stepping ~*~*~tactically~*~*~ (hiding).
  7834 | D:8      | 7834 ||| INVOKING Heroism.
  8531 | D:8      | 8531 ||| UPGRADING to +0 helmet.
  8536 | D:8      | 8536 ||| UPGRADING to +4 ring of protection.
  8538 | D:8      | 8538 ||| READING 10 scrolls of identify.
  8538 | D:8      | 8538 ||| IDENTIFYING murky sapphire potion
  8586 | D:9      | 8586 ||| STAIRDANCE
  8595 | D:8      | 8595 ||| INVOKING Heroism.
  8802 | D:9      | 8802 ||| INVOKING Heroism.
  8881 | D:9      | 8881 ||| FLEEEEING.
  8882 | D:9      | 8882 ||| FLEEEEING.
  8883 | D:9      | 8883 ||| STAIRDANCE
  9204 | D:9      | Reached XP level 11. HP: 66/68 MP: 14/14
  9206 | D:9      | 9206 ||| INVOKING Heroism.
  9224 | D:9      | Reached skill level 11 in Axes
  9224 | D:9      | 9224 ||| Stepping ~*~*~tactically~*~*~ (cloud).
  9225 | D:9      | 9225 ||| Stepping ~*~*~tactically~*~*~ (cloud).
  9226 | D:9      | 9226 ||| Stepping ~*~*~tactically~*~*~ (cloud).
  9386 | D:9      | 9386 ||| DROPPING +4 heavy flail.
  9387 | D:9      | 9387 ||| DROPPING +2 mace of holy wrath.
  9406 | D:9      | 9406 ||| Stepping ~*~*~tactically~*~*~ (hiding).
  9408 | D:9      | 9408 ||| Stepping ~*~*~tactically~*~*~ (hiding).
  9409 | D:9      | 9409 ||| Stepping ~*~*~tactically~*~*~ (hiding).
  9445 | D:9      | 9445 ||| Stepping ~*~*~tactically~*~*~ (stealth).
  9446 | D:9      | 9446 ||| Stepping ~*~*~tactically~*~*~ (stealth).
  9474 | D:9      | Found a staircase to the Orcish Mines.
  9724 | D:9      | 9724 ||| Stepping ~*~*~tactically~*~*~ (stealth).
  9733 | D:9      | 9733 ||| Stepping ~*~*~tactically~*~*~ (stealth).
  9746 | D:9      | 9746 ||| READING 9 scrolls of identify.
  9746 | D:9      | 9746 ||| IDENTIFYING fuming white potion
  9747 | D:9      | 9747 ||| READING 8 scrolls of identify.
  9747 | D:9      | 9747 ||| IDENTIFYING blue potion
  9748 | D:9      | 9748 ||| DROPPING potion of berserk rage.
  9791 | D:10     | Entered Level 10 of the Dungeon
  9859 | D:10     | 9859 ||| INVOKING Heroism.
  9867 | D:10     | Reached *** piety under Okawaru
  9893 | D:10     | Noticed Erolcha
  9894 | D:10     | 9894 ||| INVOKING Heroism.
  9911 | D:10     | Killed Erolcha
  9928 | D:10     | Found a glowing silver altar of Zin.
  9930 | D:10     | Found a bloodstained altar of Trog.
  9943 | D:10     | 9943 ||| INVOKING Heroism.
  9994 | D:10     | 9994 ||| INVOKING Heroism.
 10005 | D:10     | Reached skill level 9 in Fighting
 10054 | D:10     | Identified the +1 war axe of the Ancients {antimagic,
                  | *Corrode Int+6}
 10073 | D:10     | Found a staircase to the Lair.
 10088 | D:10     | Reached **** piety under Okawaru
 10099 | D:10     | 10099 ||| Stepping ~*~*~tactically~*~*~ (hiding).
 10106 | D:10     | 10106 ||| INVOKING Heroism.
 10276 | D:10     | Found a stormy altar of Qazlal.
 10276 | D:10     | Found a burning altar of Makhleb.
 10277 | D:10     | Found a shimmering blue altar of Sif Muna.
 10573 | D:10     | Found an ancient bone altar of Kikubaaqudgha.
 10669 | D:10     | 10669 ||| PLANNING LAIR
 10669 | D:10     | 10669 ||| READING scroll labelled KYTZECYOGYKH.
 10670 | D:10     | 10670 ||| DROPPING +0 morningstar of protection.
 10671 | D:10     | 10671 ||| DROPPING +1 war axe of the Ancients {antimagic,
                  | *Corrode Int+6}.
 10672 | D:10     | 10672 ||| READING 9 scrolls of identify.
 10672 | D:10     | 10672 ||| IDENTIFYING viscous orange potion
 10673 | D:10     | 10673 ||| READING 8 scrolls of identify.
 10673 | D:10     | 10673 ||| IDENTIFYING metallic coppery potion
 10692 | Lair:1   | Entered Level 1 of the Lair of Beasts
 10740 | Lair:1   | 10740 ||| INVOKING Heroism.
 10792 | Lair:1   | 10792 ||| INVOKING Heroism.
 10879 | Lair:1   | 10879 ||| INVOKING Heroism.
 10888 | Lair:1   | Reached skill level 6 in Invocations
 11081 | Lair:1   | Found a dark tunnel.
 11403 | Lair:2   | Noticed a death yak
 11403 | Lair:2   | Noticed a death yak
 11404 | Lair:2   | 11404 ||| Stepping ~*~*~tactically~*~*~ (stealth).
 11405 | Lair:2   | Noticed a death yak
 11406 | Lair:2   | 11406 ||| INVOKING Heroism.
 11413 | Lair:2   | Reached skill level 12 in Axes
 11420 | Lair:2   | Killed a death yak
 11420 | Lair:2   | Reached ***** piety under Okawaru
 11421 | Lair:2   | Reached XP level 12. HP: 62/76 MP: 14/17
 11421 | Lair:2   | 11421 ||| INVOKING Finesse.
 11431 | Lair:2   | Killed a death yak
 11443 | Lair:2   | Killed a death yak
 11444 | Lair:2   | Reached skill level 9 in Armour
 11733 | Lair:2   | Noticed a seven-headed hydra
 11734 | Lair:2   | 11734 ||| INVOKING Heroism.
 11744 | Lair:2   | Killed a five-headed hydra
 11746 | Lair:2   | 11746 ||| Stepping ~*~*~tactically~*~*~ (stealth).
 11817 | Lair:2   | 11817 ||| Stepping ~*~*~tactically~*~*~ (hiding).
 11818 | Lair:2   | 11818 ||| INVOKING Heroism.
 11825 | Lair:2   | Reached skill level 6 in Shields
 11904 | Lair:2   | Noticed a four-headed hydra
 11904 | Lair:2   | Noticed a six-headed hydra
 11905 | Lair:2   | 11905 ||| INVOKING Heroism.
 11910 | Lair:2   | Killed a three-headed hydra
 11912 | Lair:2   | Killed a two-headed hydra
 11988 | Lair:2   | Noticed a catoblepas
 11990 | Lair:2   | 11990 ||| INVOKING Heroism.
 11991 | Lair:2   | 11991 ||| INVOKING Finesse.
 12002 | Lair:2   | Killed a catoblepas
 12003 | Lair:2   | Reached skill level 9 in Invocations
 12170 | Lair:2   | Noticed a death yak
 12170 | Lair:2   | Noticed a skyshark
 12171 | Lair:2   | 12171 ||| INVOKING Heroism.
 12172 | Lair:2   | 12172 ||| INVOKING Finesse.
 12179 | Lair:2   | Killed a death yak
 12238 | Lair:2   | Killed a skyshark
 12238 | Lair:2   | Identified the +5 battleaxe of the Gloaming {spect, Int+2}
                  | (Okawaru gifted it to you on level 2 of the Lair of Beasts)
 12238 | Lair:2   | Received a gift from Okawaru
 12330 | Lair:2   | 12330 ||| Stepping ~*~*~tactically~*~*~ (cloud).
 12331 | Lair:2   | 12331 ||| INVOKING Heroism.
 12573 | Lair:2   | Found a staircase to the Shoals.
 12992 | Lair:3   | 12992 ||| INVOKING Heroism.
 13037 | Lair:3   | 13037 ||| Stepping ~*~*~tactically~*~*~ (hiding).
 13088 | Lair:3   | Found a staircase to the Snake Pit.
 13091 | Lair:3   | 13091 ||| Stepping ~*~*~tactically~*~*~ (hiding).
 13183 | Lair:3   | 13183 ||| INVOKING Heroism.
 13283 | Lair:3   | 13283 ||| INVOKING Heroism.
 13290 | Lair:3   | Noticed Prince Ribbit
 13305 | Lair:3   | Killed Prince Ribbit
 13306 | Lair:3   | Reached XP level 13. HP: 77/82 MP: 20/20
 13313 | Lair:3   | Received a gift from Okawaru
 13314 | Lair:3   | Reached skill level 13 in Axes
 13620 | Lair:3   | 13620 ||| INVOKING Heroism.
 13895 | Lair:4   | 13895 ||| INVOKING Heroism.
 13904 | Lair:4   | 13904 ||| Stepping ~*~*~tactically~*~*~ (stealth).
 13955 | Lair:4   | 13955 ||| INVOKING Heroism.
 13961 | Lair:4   | Received a gift from Okawaru
 14048 | Lair:4   | 14048 ||| Stepping ~*~*~tactically~*~*~ (stealth).
 14050 | Lair:4   | 14050 ||| Stepping ~*~*~tactically~*~*~ (stealth).
 14051 | Lair:4   | 14051 ||| Stepping ~*~*~tactically~*~*~ (stealth).
 14052 | Lair:4   | 14052 ||| INVOKING Heroism.
 14068 | Lair:4   | 14068 ||| INVOKING Finesse.
 14083 | Lair:4   | Received a gift from Okawaru
 14280 | Lair:4   | 14280 ||| Stepping ~*~*~tactically~*~*~ (stealth).
 14303 | Lair:4   | Reached skill level 14 in Axes
 14319 | Lair:4   | 14319 ||| INVOKING Heroism.
 14320 | Lair:4   | 14320 ||| INVOKING Finesse.
 14344 | Lair:4   | Received a gift from Okawaru
 14488 | Lair:4   | 14488 ||| INVOKING Heroism.
 14671 | Lair:4   | 14671 ||| INVOKING Heroism.
 14834 | Lair:4   | 14834 ||| INVOKING Heroism.
 15283 | Lair:4   | 15283 ||| READING 11 scrolls of identify.
 15283 | Lair:4   | 15283 ||| IDENTIFYING smoky inky potion
 15284 | Lair:4   | 15284 ||| DROPPING potion of degeneration.
 15310 | Lair:5   | Entered Level 5 of the Lair of Beasts
 15369 | Lair:5   | 15369 ||| INVOKING Heroism.
 15543 | Lair:5   | 15543 ||| INVOKING Heroism.
 15544 | Lair:5   | 15544 ||| INVOKING Finesse.
 15550 | Lair:5   | Gained mutation: Your large and strong wings let you fly.
                  | [Gargoyle growth]
 15550 | Lair:5   | Reached XP level 14. HP: 90/90 MP: 13/21
 15609 | Lair:5   | 15609 ||| INVOKING Heroism.
 15610 | Lair:5   | 15610 ||| INVOKING Finesse.
 15619 | Lair:5   | Reached skill level 6 in Throwing
 15666 | Lair:5   | 15666 ||| INVOKING Heroism.
 15687 | Lair:5   | Received a gift from Okawaru
 15725 | Lair:5   | 15725 ||| FLEEEEING.
 15726 | Lair:5   | 15726 ||| FLEEEEING.
 15727 | Lair:5   | 15727 ||| FLEEEEING.
 15731 | Lair:5   | 15731 ||| FLEEEEING.
 15741 | Lair:5   | 15741 ||| FLEEEEING.
 15742 | Lair:5   | 15742 ||| FLEEEEING.
 15743 | Lair:5   | 15743 ||| FLEEEEING.
 15744 | Lair:5   | 15744 ||| FLEEEEING.
 15745 | Lair:5   | 15745 ||| FLEEEEING.
 15746 | Lair:5   | 15746 ||| FLEEEEING.
 15747 | Lair:5   | 15747 ||| FLEEEEING.
 15748 | Lair:5   | 15748 ||| STAIRDANCE
 15867 | Lair:5   | 15867 ||| STAIRDANCE
 15869 | Lair:4   | 15869 ||| INVOKING Heroism.
 15873 | Lair:4   | Reached skill level 15 in Axes
 15948 | Lair:5   | 15948 ||| Stepping ~*~*~tactically~*~*~ (stealth).
 15949 | Lair:5   | 15949 ||| Stepping ~*~*~tactically~*~*~ (stealth).
 15950 | Lair:5   | 15950 ||| Stepping ~*~*~tactically~*~*~ (stealth).
 15952 | Lair:5   | 15952 ||| Stepping ~*~*~tactically~*~*~ (hiding).
 15954 | Lair:5   | 15954 ||| INVOKING Heroism.
 15998 | Lair:5   | 15998 ||| Stepping ~*~*~tactically~*~*~ (stealth).
 15999 | Lair:5   | 15999 ||| Stepping ~*~*~tactically~*~*~ (stealth).
 16000 | Lair:5   | 16000 ||| INVOKING Heroism.
 16001 | Lair:5   | 16001 ||| Stepping ~*~*~tactically~*~*~ (stealth).
 16003 | Lair:5   | 16003 ||| Stepping ~*~*~tactically~*~*~ (stealth).
 16038 | Lair:5   | Received a gift from Okawaru
 16039 | Lair:5   | 16039 ||| INVOKING Finesse.
 16040 | Lair:5   | 16040 ||| INVOKING Heroism.
 16194 | Lair:5   | 16194 ||| INVOKING Heroism.
 16260 | Lair:5   | Found a hide-covered altar of Uskayaw.
 16262 | Lair:5   | 16262 ||| INVOKING Heroism.
 16276 | Lair:5   | Found an ornate altar of the Wu Jian Council.
 16507 | Lair:5   | Reached skill level 12 in Fighting
 16521 | Lair:5   | Found a viscous altar of Jiyva.
 16522 | Lair:5   | 16522 ||| INVOKING Heroism.
 16524 | Lair:5   | Found a staircase to the Slime Pits.
 16545 | Lair:5   | 16545 ||| READING 7 scrolls of teleportation.
 16545 | Lair:5   | HP: 16/92 [oklob plant/splash of acid (14)]
 16546 | Lair:5   | 16546 ||| DRINKING 4 potions of heal wounds.
 16549 | Lair:5   | 16549 ||| DRINKING 3 potions of heal wounds.
 16815 | Lair:5   | 16815 ||| INVOKING Heroism.
 16891 | Lair:5   | 16891 ||| Stepping ~*~*~tactically~*~*~ (stealth).
 16893 | Lair:5   | 16893 ||| INVOKING Heroism.
 17019 | Lair:5   | 17019 ||| INVOKING Heroism.
 17167 | Lair:5   | 17167 ||| INVOKING Heroism.
 17171 | Lair:5   | 17171 ||| READING scroll labelled LUNOTU DAHUU.
 17171 | Lair:5   | HP: 20/92 [oklob plant/splash of acid (15)]
 17172 | Lair:5   | 17172 ||| READING 6 scrolls of teleportation.
 17173 | Lair:5   | 17173 ||| DRINKING 2 potions of heal wounds.
 17373 | Lair:5   | 17373 ||| PLANNING D:1-11
 17657 | D:11     | 17657 ||| Stepping ~*~*~tactically~*~*~ (stealth).
 17658 | D:11     | 17658 ||| Stepping ~*~*~tactically~*~*~ (stealth).
 17659 | D:11     | 17659 ||| Stepping ~*~*~tactically~*~*~ (stealth).
 17660 | D:11     | 17660 ||| Stepping ~*~*~tactically~*~*~ (stealth).
 17663 | D:11     | 17663 ||| Stepping ~*~*~tactically~*~*~ (stealth).
 17751 | D:11     | 17751 ||| FLEEEEING.
 17752 | D:11     | 17752 ||| FLEEEEING.
 17753 | D:11     | 17753 ||| FLEEEEING.
 17754 | D:11     | 17754 ||| FLEEEEING.
 17767 | D:11     | Received a gift from Okawaru
 17865 | D:11     | Received a gift from Okawaru
 18106 | D:11     | Identified the +1 flail "Pendulum" {drain, *Rage rPois
                  | Will+}
 18194 | D:11     | 18194 ||| PLANNING D
 18331 | D:12     | Reached skill level 16 in Axes
 18415 | D:12     | 18415 ||| FLEEEEING.
 18717 | D:12     | Noticed Maurice
 18729 | D:12     | Paralysed by Maurice for 4 turns
 18734 | D:12     | Killed Maurice
 18765 | D:12     | Noticed Azrael
 18766 | D:12     | 18766 ||| Stepping ~*~*~tactically~*~*~ (hiding).
 18770 | D:12     | 18770 ||| INVOKING Heroism.
 18771 | D:12     | 18771 ||| INVOKING Finesse.
 18780 | D:12     | Killed Azrael
 18820 | D:12     | 18820 ||| Stepping ~*~*~tactically~*~*~ (stealth).
 18827 | D:12     | 18827 ||| INVOKING Heroism.
 18836 | D:12     | Reached skill level 3 in Dodging
 19088 | D:12     | Noticed Nessos
 19089 | D:12     | 19089 ||| Stepping ~*~*~tactically~*~*~ (hiding).
 19090 | D:12     | 19090 ||| Stepping ~*~*~tactically~*~*~ (hiding).
 19092 | D:12     | 19092 ||| INVOKING Finesse.
 19106 | D:12     | 19106 ||| Stepping ~*~*~tactically~*~*~ (hiding).
 19109 | D:12     | 19109 ||| INVOKING Heroism.
 19112 | D:12     | 19112 ||| Stepping ~*~*~tactically~*~*~ (hiding).
 19113 | D:12     | 19113 ||| Stepping ~*~*~tactically~*~*~ (hiding).
 19120 | D:12     | Killed Nessos
 19121 | D:12     | Reached XP level 15. HP: 41/96 MP: 17/22
 19440 | D:12     | 19440 ||| UPGRADING to +0 kite shield.
 19450 | D:12     | 19450 ||| DROPPING +0 buckler.
 19451 | D:12     | 19451 ||| UPGRADING to +0 cloak.
 19456 | D:12     | 19456 ||| DROPPING amulet of guardian spirit.
 19457 | D:12     | 19457 ||| READING scroll labelled JOLUGI JUICREAT.
 19540 | D:13     | 19540 ||| Stepping ~*~*~tactically~*~*~ (hiding).
 19557 | D:13     | Received a gift from Okawaru
 19680 | D:13     | Reached skill level 9 in Shields
 19740 | D:13     | Received a gift from Okawaru
 19777 | D:13     | Received a gift from Okawaru
 19782 | D:13     | 19782 ||| FLEEEEING.
 19783 | D:13     | 19783 ||| FLEEEEING.
 19784 | D:13     | 19784 ||| FLEEEEING.
 19785 | D:13     | 19785 ||| FLEEEEING.
 19786 | D:13     | 19786 ||| FLEEEEING.
 19787 | D:13     | 19787 ||| FLEEEEING.
 19788 | D:13     | 19788 ||| FLEEEEING.
 19791 | D:13     | 19791 ||| FLEEEEING.
 19792 | D:13     | 19792 ||| FLEEEEING.
 19793 | D:13     | 19793 ||| FLEEEEING.
 19794 | D:13     | 19794 ||| FLEEEEING.
 19795 | D:13     | 19795 ||| FLEEEEING.
 19796 | D:13     | 19796 ||| FLEEEEING.
 19797 | D:13     | 19797 ||| FLEEEEING.
 19801 | D:13     | 19801 ||| FLEEEEING.
 19802 | D:13     | 19802 ||| FLEEEEING.
 19803 | D:13     | 19803 ||| FLEEEEING.
 19804 | D:13     | 19804 ||| FLEEEEING.
 19805 | D:13     | 19805 ||| FLEEEEING.
 19806 | D:13     | 19806 ||| FLEEEEING.
 19807 | D:13     | 19807 ||| FLEEEEING.
 19808 | D:13     | 19808 ||| FLEEEEING.
 19809 | D:13     | 19809 ||| FLEEEEING.
 19810 | D:13     | 19810 ||| FLEEEEING.
 19865 | D:13     | 19865 ||| INVOKING Heroism.
 20065 | D:13     | 20065 ||| Stepping ~*~*~tactically~*~*~ (hiding).
 20128 | D:13     | Found a gate to the Vaults.
 20133 | Abyss:3  | Cast into level 3 of the Abyss (a wizard)
 20235 | Abyss:3  | Found a corrupted altar of Lugonu.
 20248 | D:13     | Escaped the Abyss
 20258 | D:13     | 20258 ||| INVOKING Heroism.
 20259 | D:13     | Received a gift from Okawaru
 20456 | D:13     | 20456 ||| DROPPING scarf of shadows.
 20457 | D:13     | 20457 ||| DROPPING amulet of regeneration.
 20458 | D:13     | 20458 ||| READING scroll labelled ZISOQU LIVEUTO.
 20469 | D:14     | 20469 ||| STAIRDANCE
 20541 | D:14     | Found Qamuymam's Weapon Boutique.
 20559 | D:14     | Found Busauze's Armour Shop.
 20559 | D:14     | Noticed Kirke
 20560 | D:14     | 20560 ||| Stepping ~*~*~tactically~*~*~ (stealth).
 20565 | D:14     | 20565 ||| INVOKING Heroism.
 20566 | D:14     | 20566 ||| INVOKING Finesse.
 20584 | D:14     | Killed Kirke
 20621 | D:14     | 20621 ||| BUYING +0 pair of boots (67 gold).
 20621 | D:14     | Bought a +0 pair of boots for 67 gold pieces
 20621 | D:14     | 20621 ||| SHOPLISTING +10 scale mail of Utaibbul {Contam
                  | Rampage rF++ Dex+8} (1345 gold, have 1308).
 20621 | D:14     | 20621 ||| BUYING +3 plate armour of poison resistance (630
                  | gold).
 20621 | D:14     | Bought a +3 plate armour of poison resistance for 630 gold
                  | pieces
 20657 | D:14     | 20657 ||| FLEEEEING.
 20658 | D:14     | 20658 ||| FLEEEEING.
 20659 | D:14     | 20659 ||| FLEEEEING.
 20671 | D:14     | 20671 ||| FLEEEEING.
 20672 | D:14     | 20672 ||| FLEEEEING.
 20673 | D:14     | 20673 ||| FLEEEEING.
 20681 | D:14     | 20681 ||| INVOKING Heroism.
 20686 | D:14     | Reached skill level 12 in Shields
 20687 | D:14     | HP: 23/96 [red ugly thing (4)]
 20687 | D:14     | HP: 6/96 [red ugly thing (17)]
 20688 | D:14     | 20688 ||| READING 6 scrolls of teleportation.
 20689 | D:14     | 20689 ||| DRINKING 2 potions of heal wounds.
 20693 | D:14     | HP: 22/96 [white ugly thing (6)]
 20694 | D:14     | 20694 ||| DRINKING potion of heal wounds.
 20694 | D:14     | Noticed Snorg
 20703 | D:14     | HP: 22/96 [red ugly thing (19)]
 20704 | D:14     | 20704 ||| READING 5 scrolls of teleportation.
 20708 | D:14     | 20708 ||| READING 4 scrolls of teleportation.
 20709 | D:14     | HP: 8/96 [centaur warrior/arrow (6)]
 21052 | D:14     | Found Suirph's Magic Scroll Emporium.
 21060 | D:14     | 21060 ||| BUYING scroll of teleportation (57 gold).
 21060 | D:14     | Bought a scroll of teleportation for 57 gold pieces
 21083 | D:14     | 21083 ||| INVOKING Heroism.
 21260 | D:14     | Found a portal to a secret trove of treasure.
 21284 | D:14     | Found Jubol's Jewellery Shoppe.
 21289 | D:14     | 21289 ||| SHOPLISTING ring of Nobility {rPois rF+ rN+
                  | Dex+6} (876 gold, have 650).
 21289 | D:14     | 21289 ||| BUYING ring of protection from cold (375 gold).
 21289 | D:14     | Bought a ring of protection from cold for 375 gold pieces
 21289 | D:14     | 21289 ||| SHOPLISTING ring of protection from fire (375
                  | gold, have 275).
 21289 | D:14     | 21289 ||| SHOPLISTING ring of resist corrosion (300 gold,
                  | have 275).
 21289 | D:14     | 21289 ||| SHOPLISTING ring of willpower (375 gold, have
                  | 275).
 21327 | D:14     | 21327 ||| INVOKING Heroism.
 21338 | D:14     | Killed Snorg
 21339 | D:14     | Reached skill level 12 in Armour
 21443 | D:14     | Found Loghiots's Antique Weapon Emporium.
 21513 | Abyss:3  | Cast into level 3 of the Abyss (a wizard)
 21516 | Abyss:3  | 21516 ||| Stepping ~*~*~tactically~*~*~ (stealth).
 21563 | Abyss:3  | 21563 ||| Stepping ~*~*~tactically~*~*~ (hiding).
 21566 | Abyss:3  | Noticed a bone dragon
 21568 | Abyss:3  | Noticed a tentacled starspawn
 21576 | Abyss:3  | 21576 ||| INVOKING Heroism.
 21580 | Abyss:3  | HP: 24/96 [tentacled starspawn (8)]
 21581 | Abyss:3  | 21581 ||| READING 4 scrolls of teleportation.
 21583 | Abyss:3  | HP: 9/96 [bone dragon (10)]
 21584 | Abyss:3  | Killed a tentacled starspawn
 21584 | Abyss:3  | Killed from afar by a will-o-the-wisp

Levels and vault maps discovered:
D:1:      matt_arrival_grand_opening, layout_loops_ring,
          nicolae_ecumenical_snake_handling, st_stairs_7, minmay_heptomino_h4
D:2:      layout_loops_ring, nicolae_figureground_sparkle
D:3:      layout_rooms, nicolae_overflow_ecumenical_swirl,
          uniq_crazy_yiuf_cottage
D:4:      layout_basic, kennysheep_ying_yang, nicolae_overflow_hidden_temple,
          gammafunk_ghost_nasty_kobolds
D:5:      cheibrodos_thug_alley, layout_rooms, minmay_temple_entry_butterflies,
          grunt_decor_mini_mirrors, minivault_23, uniq_edmund, uniq_pikel
D:6:      layout_loops_corners, hangedman_glass_garden,
          minmay_fractal_squares_gapless_5, uniq_sigmund, uniq_menkaure
D:7:      layout_layer_cave, mainiacjoe_overflow_brackets,
          amcnicky_mini_pool_small
D:8:      layout_cave_pods, nicolae_vehumet_radiance, lemuel_tele_altar,
          jmf_multi_god_temple2, uniq_erica
D:9:      layout_small_grid, hiddenorc2_lemuel
D:10:     layout_long_grid, nicolae_overflow_quartered_altars,
          chequers_temple_overflow_statue_of_worship, hellmonk_lair_entry_icy,
          uniq_erolcha
D:11:     layout_rooms, amethyst_killhole, kennysheep_pointless_box
D:12:     layout_stronghold, uniq_maurice, uniq_nessos, uniq_azrael
D:13:     layout_rooms, grunt_vaults_entry_tiered
D:14:     layout_stronghold, enter_trove_5, hangedman_decor_growths,
          serial_shops, nicolae_lakefront_shop, shop, shop, shop,
          nicolae_shop_rolling_square, uniq_kirke, uniq_snorg
Temple:   hellmonk_temple_of_storms
Lair:1:   layout_misc_corridors, nicolae_volcano_entry_batcave, minmay_holes,
          grunt_megastairs_3
Lair:2:   layout_big_grid, minmay_shoals_entry_hut,
          chequers_serial_rivers_micro_d, minmay_shattered_shrine
Lair:3:   layout_layer_cave, minmay_snake_entry_guardpost_small,
          uniq_prince_ribbit2
Lair:4:   layout_cave_pods, portal_ice_cave_entry_pillars_1, grunt_megastairs_5
Lair:5:   evilmike_catoblepas_cave, layout_loops_ring,
          minmay_slime_entry_oklob_enclosed, nzn_masters_of_martial_movement
Abyss:3:  base: D:4, evilmike_abyss_exit_plants, base: Lair:3,
          guppyfry_abyss_exit_imp_island,
          hangedman_grunt_abyss_rune_horror_hoard

Skill      XL: |  1  2  3  4  5  6  7  8  9 10 11 12 13 14 15 |
---------------+----------------------------------------------+-----
Axes           | 2 3 4 5 6 7 8 9 10 12 14 16 | 16.0
Dodging        | 1 2 3 |  3.0
Fighting       | 4 5 6 8 9 10 11 12 | 12.0
Throwing       | 4 5 6 |  6.0
Armour         | 4 5 7 8 9 10 11 12 | 12.0
Shields        | 4 5 6 7 8 12 | 12.2
Invocations    | 4 6 10 | 10.0

Action                     |  1- 3 |  4- 6 |  7- 9 | 10-12 | 13-15 || total
---------------------------+-------+-------+-------+-------+-------++-------
  Melee: War axe           |   131 |   183 |   259 |   607 |   885 ||  2065
  Throw: Boomerang         |       |    15 |    19 |   126 |    81 ||   241
         Javelin           |       |       |    46 |    56 |   120 ||   222
 Invoke: Heroism           |       |       |     5 |    27 |    33 ||    65
         Finesse           |       |       |       |     3 |     8 ||    11
    Use: Scroll            |     8 |     4 |     2 |     7 |    10 ||    31
         Potion            |       |     2 |       |       |     5 ||     7
 Armour: Scale mail        |    62 |   106 |       |       |       ||   168
         Chain mail        |       |     6 |   136 |       |       ||   142
         Plate armour      |       |       |    19 |   421 |   536 ||   976
  Dodge: Dodged            |    55 |    86 |    99 |   213 |   224 ||   677
  Block: Buckler           |    19 |    33 |    40 |   107 |   106 ||   305
         Kite shield       |       |       |       |       |   155 ||   155

Table legend:
 A = Non-vault XP
 B = Vault XP
 C = Vault XP percentage of total XP
 D = Non-vault monster count
 E = Vault monster count
 F = Vault count percentage of total count
                 A         B        C        D         E       F
            +---------+---------+-------+---------+---------+-------
      Total |   71952 |   45937 |  39.0 |     399 |     167 |  29.5
            +---------+---------+-------+---------+---------+-------
        D:1 |      50 |       7 |  12.3 |      32 |       5 |  13.5
        D:2 |      20 |       0 |   0.0 |       9 |       0 |   0.0
        D:3 |      63 |       0 |   0.0 |      25 |       0 |   0.0
        D:4 |     594 |       0 |   0.0 |      33 |       0 |   0.0
        D:5 |     526 |     866 |  62.2 |       8 |      10 |  55.6
        D:6 |    1125 |     577 |  33.9 |      32 |       5 |  13.5
        D:7 |    1555 |       0 |   0.0 |      30 |       0 |   0.0
        D:8 |    1582 |     828 |  34.4 |      36 |       1 |   2.7
        D:9 |    2223 |     244 |   9.9 |      22 |      32 |  59.3
       D:10 |    1961 |    2397 |  55.0 |      10 |      10 |  50.0
       D:11 |    4972 |       0 |   0.0 |      15 |       0 |   0.0
       D:12 |    3220 |    3240 |  50.2 |      13 |       7 |  35.0
       D:13 |    7325 |    7658 |  51.1 |      20 |      25 |  55.6
       D:14 |    6807 |    4361 |  39.0 |      16 |       9 |  36.0
     Lair:1 |    1516 |    1386 |  47.8 |       6 |       7 |  53.8
     Lair:2 |    3631 |    7243 |  66.6 |       7 |      15 |  68.2
     Lair:3 |    3479 |    1964 |  36.1 |      13 |       9 |  40.9
     Lair:4 |   16086 |    2855 |  15.1 |      39 |       9 |  18.8
     Lair:5 |   10530 |   12311 |  53.9 |      25 |      23 |  47.9
    Abyss:3 |    4687 |       0 |   0.0 |       8 |       0 |   0.0
            +---------+---------+-------+---------+---------+-------
